 Seeded DCSS version 0.28.0-45-g0d030f2227 (webtiles) character file.

Game seed: 12438630275245706108 (custom seed)

61 zeratav the Insei (level 4, -6/29 HPs)
             Began as an Octopode Transmuter on Apr 19, 2022.
             Mangled by Natasha (9 damage)
             ... on level 2 of the Dungeon.
             The game lasted 00:04:04 (1507 turns).

zeratav the Insei (Octopode Transmuter)             Turns: 1507, Time: 00:04:05

Health: -6/29      AC:  1    Str:  9    XL:     4   Next: 7%
Magic:  16/16      EV: 13    Int: 15    God:
Gold:   70         SH:  0    Dex: 14    Spells: 3/7 levels left

rFire   . . .      SeeInvis .     - Unarmed
rCold   . . .      Faith    .   (no shield)
rNeg    . . .      Spirit   .   (helmet restricted)
rPois   .          Reflect  .   (no amulet)
rElec   .          Harm     .   a - ring of magical power
rCorr   .          Rampage  .   (no ring)
Will    .....                   (no ring)
Stlth   +++.......              (no ring)
HPRegen 0.09/turn               (no ring)
MPRegen 0.15/turn               (no ring)
                                (no ring)
                                (no ring)

@: no status effects
A: almost no armour, amphibious, 8 rings, camouflage 1, gelatinous body 1,
(nimble swimmer 1), tentacles
a: no special abilities


You were on level 2 of the Dungeon.
You visited 1 branch of the dungeon, and saw 2 of its levels.

You collected 70 gold pieces.


Innate Abilities, Weirdness & Mutations

You cannot wear most types of armour.
You are amphibious.
You can wear up to eight rings at the same time.
Your skin changes colour to match your surroundings (Stealth+).
Your rubbery body absorbs attacks. (AC +1, EV +1)
((You are camouflaged when in or above water. (Stealth+)))
You have tentacles for arms and can constrict up to eight enemies at once.


   Skills:
 + Level 1.8 Fighting
 + Level 2.6 Dodging
 + Level 2.0 Stealth
 * Level 3.8 Unarmed Combat
 - Level 2.0 Spellcasting
 - Level 2.0 Transmutations


You had 3 spell levels left.
You knew the following spells:

 Your Spells              Type           Power      Damage    Failure   Level
a - Beastly Appendage     Tmut           14%        N/A       10%         1
b - Spider Form           Tmut/Pois      4%         N/A       41%         3

Your spell library contained the following spells:

 Spells                   Type           Power      Damage    Failure   Level
 Wereblood                Tmut           7%         N/A       14%         2
 Ice Form                 Ice/Tmut       4%         N/A       82%         4
 Hailstorm                Conj/Ice       1%         3d3       91%         4
 Simulacrum               Ice/Necr       0%         N/A       100%        6

Inventory:

Jewellery
 a - a ring of magical power (left tentacle)
   (You found it on level 1 of the Dungeon)
Scrolls
 c - a scroll of vulnerability {!r!r}
 e - a scroll of enchant armour

Dungeon Overview and Level Annotations

Branches:
Dungeon (2/15)

Altars:

Shops:
D:1 =   D:2 :

Annotations:
D:2 Natasha, Terence

#.......#.# #....#....#
#....#.<..# #....##...#
#.......>.# #...####.##
#...# #.#
######h#####.#####
#....@.$##.......#####
#.........##............
#.#.......##......$###.#
#......l##.......§≈...
#........###.##.§≈§≈..
..........# #.##.≈...≈.
#.#.#.#.#..# #...≈..∩.$≈
#.........## #.#..≈...≈.
.##h.≈@≈..


You could see Natasha and a frilled lizard (asleep).


Message History

Terence shouts!
You tentacle-slap the adder.
You kill the adder!
Your transformation is almost over.
Your Stealth skill increases to level 2!
You have reached level 4!
HP[+5]
You now have 29 max hp (+5).
Your hp is fully restored (29).
MP[+1] MP[+1]
Your mp is fully restored (16).
Natasha and a rat come into view.
Found 8 gold pieces.
Found Mofoxyne's Book Boutique.
Your tentacle spike disappears.
The rat misses you.
Natasha hisses angrily.
The rat misses you. Natasha casts a spell at you. You resist with some effort.
The rat bites you.
Natasha howls an incantation.
Natasha shimmers violently.
HP[-2]
You take 2 damage, and now have 27/29 hp.
Natasha casts a spell.
Terence says, "You're history."
Natasha casts a spell at you. You resist with some effort.
HP[+1]
The crimson imp blinks!
The rat barely misses you.
Terence shouts, "Get ready for death!"
Natasha closely misses you.
The crimson imp blinks!
The crimson imp blinks!
Natasha stares at you and mumbles some strange words.
The magic dart hits you!
The rat twitches its whiskers.
HP[-8]
You take 8 damage, and now have 20/29 hp.
MASSIVE DAMAGE!! (PAUSE)
The rat twitches its whiskers.
Natasha casts a spell at you.
You feel yourself slow down.
As you read the scroll labelled EMNYVV XUAP, it crumbles to dust.
It is a scroll of identify.
c - a scroll of vulnerability The rat barely misses you.
The rat bites you.
HP[-1]
You take 1 damage, and now have 19/29 hp.
As you read the scroll of identify {@r1}, it crumbles to dust.
d - a scroll of blinking Natasha casts a spell at you.
The magic dart hits you!
* * * LOW HITPOINT WARNING * * *
The rat barely misses you.
The crimson imp blinks!
HP[-6]
You take 6 damage, and now have 13/29 hp.
MASSIVE DAMAGE!! (PAUSE)
As you read the scroll of identify {@r1}, it crumbles to dust.
e - a scroll of enchant armour The rat bites you but does no damage.
Natasha barely misses you. The rat bites you.
* * * LOW HITPOINT WARNING * * *
HP[-3]
You take 3 damage, and now have 10/29 hp.
Really read
d - a scroll of blinking {!r}? [Y]es or [N]o only, please.
Really read
d - a scroll of blinking {!r}? [Y]es or [N]o only, please.
Really read
d - a scroll of blinking {!r}?
Blink to where?
Press: ? - help, Dir - move target
As you read the scroll of blinking {!r}, it crumbles to dust.
The crimson imp disappears in a puff of smoke!
Natasha mewls in sadness.
Natasha casts a spell at you. The magic dart hits you!
* * * LOW HITPOINT WARNING * * *
HP[-9]
You take 9 damage, and now have 1/29 hp.
MASSIVE DAMAGE!! (PAUSE) Natasha hisses.
HP[+1]
You aren't carrying any potions.
Natasha misses you.
Natasha stares at you and mumbles some strange words.
You resist with some effort.
A frilled lizard comes into view.
Natasha barely misses you.
You feel yourself speed up. Natasha barely misses you.
There is an open door here.
HP[+1]
You closely miss Natasha. You grab Natasha. You constrict Natasha.
Natasha barely misses you.
You barely miss Natasha. You squeeze Natasha.
You constrict Natasha, but do no damage.
Natasha claws you!
You die...

Skill      XL: |  1  2  3 |
---------------+----------+-----
Stealth        | 1 2 |  2.0
Fighting       | |  1.8
Dodging        | |  2.6
Unarmed Combat | |  3.8
Spellcasting   | |  2.0
Transmutations | |  2.0

Action                   |  1- 3 |  4- 6 || total
-------------------------+-------+-------++-------
Melee: Unarmed           |    47 |     2 ||    49
       Constrict         |    13 |     1 ||    14
       Kick              |    15 |       ||    15
       Tentacles         |     4 |     1 ||     5
       Punch             |     2 |       ||     2
 Cast: Beastly Appendage |    24 |       ||    24
  Use: Scroll            |       |     4 ||     4
 Stab: Sleeping          |    11 |       ||    11
Armor: Skin              |     3 |     1 ||     4
Dodge: Dodged            |    27 |    11 ||    38

Levels and vault maps discovered:
D:1:      minmay_arrival_split_and_join, layout_basic,
          hellmonk_ecumenical_altar_arch_garden, nicolae_shop_unique_rings
D:2:      layout_basic, serial_glass, glass_columns_b, glass_columns_c,
          serial_shops, nicolae_diamond_shop, patterned_corridor, uniq_terence,
          uniq_natasha

Notes
Turn   | Place    | Note
-------+----------+-------------------------------------------
     0 | D:1      | zeratav the Octopode Transmuter began the quest for the
                  | Orb.
     0 | D:1      | Reached XP level 1. HP: 13/13 MP: 3/3
     0 | D:1      | magus.rc [v1.9.6]
   337 | D:1      | Found Fetet's One-of-a-Kind Rings.
   361 | D:1      | Reached XP level 2. HP: 18/18 MP: 5/5
   427 | D:1      | Reached skill level 1 in Stealth
   473 | D:1      | Found a faded altar of an unknown god.
   910 | D:2      | Reached XP level 3. HP: 22/23 MP: 6/6
   960 | D:2      | Learned a level 3 spell: Spider Form
  1259 | D:2      | You pick up a book of the Tundra and begin reading...
  1259 | D:2      | You add the spells Hailstorm and Simulacrum to your
                  | library.
  1281 | D:2      | Noticed Terence
  1459 | D:2      | Reached skill level 2 in Stealth
  1459 | D:2      | Reached XP level 4. HP: 29/29 MP: 7/7
  1466 | D:2      | Found Mofoxyne's Book Boutique.
  1466 | D:2      | Noticed Natasha
  1495 | D:2      | HP: 1/29 [Natasha/magic dart (9)]
  1507 | D:2      | Mangled by Natasha

Vanquished Creatures
  4 adders (D:2)
  4 bats
  4 endoplasms
  2 goblins (D:1)
  A hobgoblin (D:1)
  2 quokkas (D:1)
  3 ball pythons (D:1)
  2 kobolds
  3 rats
25 creatures vanquished.

Table legend:
 A = Non-vault XP
 B = Vault XP
 C = Vault XP percentage of total XP
 D = Non-vault monster count
 E = Vault monster count
 F = Vault count percentage of total count
                 A         B        C        D         E       F
            +---------+---------+-------+---------+---------+-------
      Total |      88 |       0 |   0.0 |      25 |       0 |   0.0
            +---------+---------+-------+---------+---------+-------
        D:1 |      27 |       0 |   0.0 |      16 |       0 |   0.0
        D:2 |      61 |       0 |   0.0 |       9 |       0 |   0.0
            +---------+---------+-------+---------+---------+-------

Illustrated notes

Table legend:
 A = Kills in this place as a percentage of kills in entire the game.
 B = Kills by you in this place as a percentage of kills by you in the entire game.
 C = Kills by friends in this place as a percentage of kills by friends in the entire game.
 D = Other kills in this place as a percentage of other kills in the entire game.
 E = Experience gained in this place as a percentage of experience gained in the entire game.
 F = Experience gained in this place divided by the number of levels of this place that you have seen.
                   A       B       C       D       E      F
               +-------+-------+-------+-------+-------+----------------------
         Total | 100.0 | 100.0 |   N/A |   N/A | 100.0 |  44.0
       Dungeon | 100.0 | 100.0 |   N/A |   N/A | 100.0 |  44.0
               +-------+-------+-------+-------+-------+----------------------

Table legend: (Time is in decaauts)
 A = Elapsed time spent in this place.
 B = Non-inter-level travel time spent in this place.
 C = Inter-level travel time spent in this place.
 D = Time resting spent in this place.
 E = Time spent auto-exploring this place.
 F = Levels seen in this place.
 G = Mean time per level.
                   A        B        C        D        E       F      G
               +--------+--------+--------+--------+--------+-----+--------+
         Total |   1511 |   1343 |    168 |      0 |   1085 |   2 |  755.5 |
       Dungeon |   1511 |   1343 |    168 |      0 |   1085 |   2 |  755.5 |
               +--------+--------+--------+--------+--------+-----+--------+

Top non-repeatable levels by time:
     D:1: 894 daAuts
     D:2: 617 daAuts
